Cogmind - Beta 13 @@@ ROGUE MODE // 2024.07.11 @ 13:47:00 Player: ThatBishHoly Result: Core destroyed Performance ------------- Evolutions (1) 500 Regions Visited (3) 600 Robots Destroyed (32) 160 Value Destroyed (799) 799 Prototype IDs (6) 120 Alien Tech Used (0) 0 Bonus (367) 367 TOTAL SCORE: 2546 Bonus ------- High Alert Combat Kills 94 Follower Combat Kills 389 Friendly Fire -116 Cogmind --------- Core Integrity 0/400 Matter 198/300 Energy 325/350 System Corruption 0% Temperature Critical (545) Movement Treading (320) Ox2 Location -9/Storage Parts ------- > --- POWER (1) -------- F-cell Engine > --- PROPULSION (4) --- Improved Treads Improved Treads > --- UTILITY (2) ------ High-capacity Storage Unit High-capacity Battery > --- WEAPON (2) ------- Improved Medium Laser Beamcaster > --- INVENTORY (20) --- Power Amplifier Improved Heat Sink Large Matter Pod (150) Visual Processing Unit Sensor Array Signal Interpreter Transport Network Coupler Shield Generator High-powered Tractor Beam Beam Rifle Improved Assault Rifle Grenade Launcher Peak State ------------ > --- POWER ------------ F-cell Engine > --- PROPULSION ------- Improved Treads Improved Treads Improved Treads Improved Treads > --- UTILITY ---------- Improved Heat Sink High-capacity Storage Unit > --- WEAPON ----------- Improved Medium Laser Beamcaster > --- INVENTORY -------- Power Amplifier Large Battery Large Matter Pod Visual Processing Unit Sensor Array Signal Interpreter Transport Network Coupler Beam Rifle Beam Rifle Improved Assault Rifle Grenade Launcher [Rating: 28] Favorites ----------- Power Ion Engine Engine Ion Engine Power Core Light Nuclear Core Propulsion Improved Treads Treads Improved Treads Utility Small Storage Unit Device Improved Heat Sink Storage Small Storage Unit Weapon Beam Rifle Energy Gun Beam Rifle Ballistic Gun Assault Rifle Launcher Grenade Launcher Build | -11 -10 -9 -9 ------- Run | Yrd Mat Mat Sto Slots Evolved 2 | . . 2 . Power . | . . . . Propulsion 2 | . . 2 . Utility . | . . . . Weapon . | . . . . Parts Attached 28 | 6 2 7 13 Power 3 | 1 . 1 1 Engine 2 | 1 . . 1 Core 1 | . . 1 . Reactor . | . . . . Propulsion 10 | 2 . 2 6 Treads 10 | 2 . 2 6 Leg . | . . . . Wheel . | . . . . Hover . | . . . . Flight . | . . . . Utility 4 | 1 . 2 1 Device 1 | . . 1 . Storage 3 | 1 . 1 1 Processor . | . . . . Hackware . | . . . . Protection . | . . . . Artifact . | . . . . Weapon 11 | 2 2 2 5 Energy Gun 6 | . . 2 4 Energy Cannon . | . . . . Ballistic Gun 4 | 2 1 . 1 Ballistic Cannon . | . . . . Launcher 1 | . 1 . . Special Weapon . | . . . . Impact Weapon . | . . . . Slashing Weapon . | . . . . Piercing Weapon . | . . . . Special Melee Weapon . | . . . . Unidentified Prototypes 3 | . . . 3 Parts Lost 2 | . . . 2 Power . | . . . . Propulsion 2 | . . . 2 Utility . | . . . . Weapon . | . . . . Highest Loss Streak 2 | . . . 2 To Critical Strikes . | . . . . Average Slot Usage (%) 90 | . 85 76 97 Engine 11 | . 14 9 10 Treads 35 | . 28 28 42 Device 4 | . . 3 9 Storage 12 | . 14 11 12 Energy Gun 11 | . . 16 20 Ballistic Gun 12 | . 27 5 . Naked Turns . | . . . . Heaviest Build 64 | 13 15 52 64 Greatest Support 92 | 40 40 80 92 Greatest Overweight (x) 2 | 1 . . 2 Average Overweight (x) . | . . . . Largest Inventory Capacity 20 | 8 8 20 20 Average Capacity 13 | 7 8 11 20 Most Carried 12 | 5 7 8 12 Average Carried 6 | 2 4 6 9 Final Capacity 20 | 8 8 20 20 Final Carried 12 | . 6 8 12 Class Distribution -------------------- 97% | Mutant Dominant Class ---------------- Mutant | -10/Materials Mutant | -9/Materials Mutant | -9/Storage Resources | -11 -10 -9 -9 ----------- Run | Yrd Mat Mat Sto Matter Collected 823 | 228 227 18 350 Remotely . | . . . . Salvage Created 1144 | . 331 132 681 Parts 71 | . 29 7 35 Haulers Intercepted 3 | . 1 . 2 Recyclers Shooed . | . . . . Parts Field Recycled . | . . . . Retrieved Matter . | . . . . Parts Self-Destructed . | . . . . Prevented . | . . . . Kills | -11 -10 -9 -9 ------- Run | Yrd Mat Mat Sto Combat Hostiles Destroyed 26 | . 11 2 13 Guns 22 | . 7 2 13 AOE 4 | . 4 . . Classes Destroyed 8 | . 4 2 2 Worker 1 | . 1 . . Hauler 3 | . 1 . 2 Watcher 1 | . . 1 . Swarmer 9 | . 6 . 3 Grunt 9 | . 5 . 4 Brawler 2 | . . . 2 Duelist 1 | . . . 1 Sentry 5 | . . 2 3 Thug 1 | . . . 1 Best Kill Streak 7 | . 7 2 4 Combat Bots Only 6 | . 6 2 4 Max Kills in Single Turn 4 | . 4 1 1 Gunslinging . | . . . . Exploded 2 | . 2 . . Melee . | . . . . Uniques/NPCs Destroyed . | . . . . Combat | -11 -10 -9 -9 -------- Run | Yrd Mat Mat Sto Hostile Shots Fired 134 | . 57 9 68 Missed 36 | . 18 2 16 Damage Taken 1686 | . 461 103 1122 Core 523 | . 117 32 374 Absorbed by Shields . | . . . . Core Remaining (%) 76 | 100 53 . . Volleys Fired 84 | . 33 6 45 Largest 2 | . 2 2 2 Hottest 131 | . 50 112 131 Shots Fired 164 | . 65 12 87 Gun 161 | . 62 12 87 Cannon . | . . . . Launcher 3 | . 3 . . Special . | . . . . Kinetic 62 | . 62 . . Thermal 99 | . . 12 87 Explosive 3 | . 3 . . Electromagnetic . | . . . . Robot Hit Streak 9 | . 8 9 8 Robot Miss Streak 5 | . 5 1 3 Penetration Max . | . . . . Secondary Targets 4 | . 1 . 3 Max Gunslinging Chain 1 | . 1 . 1 Shots Hit Robots 94 | . 38 8 48 Core Hits 54 | . 21 5 28 Critical Kills . | . . . . Critical Parts Destroyed . | . . . . Critical Strikes 7 | . . 1 6 Burn 7 | . . 1 6 Melee Attacks . | . . . . Impact . | . . . . Slashing . | . . . . Piercing . | . . . . Sneak Attacks . | . . . . Combat Hostiles . | . . . . Follow-up Attacks . | . . . . Damage Inflicted 1592 | . 568 144 880 Guns 1388 | . 380 144 864 Cannons . | . . . . Explosions 181 | . 181 . . Melee . | . . . . Ramming 23 | . 7 . 16 Kinetic 380 | . 380 . . Thermal 1008 | . . 144 864 Explosive 181 | . 181 . . Electromagnetic . | . . . . Impact . | . . . . Slashing . | . . . . Piercing . | . . . . Highest Corruption . | . . . . Average Corruption . | . . . . Corruption Purged . | . . . . Corruption Blocked . | . . . . Overload Shots . | . . . . Overflow Damage . | . . . . Projectiles . | . . . . Explosions . | . . . . Melee . | . . . . Knockbacks . | . . . . Impact . | . . . . Kinetic . | . . . . Secondary . | . . . . Self-Inflicted Damage 38 | . 38 . . Shots 1 | . 1 . . Rammed 5 | . 2 . 3 Targets Rammed 5 | . 2 . 3 Kicked . | . . . . Crushed . | . . . . Highest Temperature 822 | . 25 255 822 Average Temperature 133 | . 10 139 160 Received Heat Transfer 630 | . 219 45 366 Effects 20 | . . 2 18 Energy Bleed 3 | . . . 3 Interference 4 | . . 2 2 Matter Decay 3 | . . . 3 Short Circuit 2 | . . . 2 Damage (minor) 4 | . . . 4 Damage (core) 4 | . . . 4 Siege Activations . | . . . . Robots Corrupted . | . . . . Combat Hostiles . | . . . . Parts Fried . | . . . . Impact Corruptions . | . . . . Robots Melted . | . . . . Combat Hostiles . | . . . . Parts Melted 5 | . . 3 2 Heat Transferred 2683 | . . 444 2239 Parts Sabotaged . | . . . . Parts Stolen . | . . . . Parts Stripped . | . . . . Power Chain Reactions . | . . . . Alert | -11 -10 -9 -9 ------- Run | Yrd Mat Mat Sto Peak Influence 661 | . 263 173 661 Initial 76 | . . 76 72 Average 263 | . 97 109 468 Maximum Alert Level 2 | . 1 . 2 Low Security (%) 57 | 100 88 100 17 Level 1 8 | . 11 . 9 Level 2 33 | . . . 72 Level 3 . | . . . . Level 4 . | . . . . Level 5 . | . . . . High Security . | . . . . Max Security . | . . . . Squads Dispatched 7 | . 2 1 4 Investigation 2 | . 1 1 . Extermination . | . . . . Reinforcement 1 | . 1 . . Assault 3 | . . . 3 Garrison 1 | . . . 1 Intercept . | . . . . Searches Triggered . | . . . . Construction Impeded . | . . . . Haulers Reinforced . | . . . . Active Scanning Responses . | . . . . Cargo Convoy Interrupts . | . . . . Stealth | -11 -10 -9 -9 --------- Run | Yrd Mat Mat Sto Distress Signals 1 | . 1 . . Communications Jammed . | . . . . Distress Signals . | . . . . Times Spotted 50 | . 15 4 31 Peak Tracking Total 7 | . 5 2 7 Tactical Retreats 2 | . 1 1 . Traps | -11 -10 -9 -9 ------- Run | Yrd Mat Mat Sto Traps Triggered 1 | . . . 1 Indirectly . | . . . . Trap Hack Attempts . | . . . . Triggered . | . . . . Disarmed . | . . . . Reprogrammed . | . . . . Reused . | . . . . Traps Extracted . | . . . . Installed . | . . . . Triggered . | . . . . Machines | -11 -10 -9 -9 ---------- Run | Yrd Mat Mat Sto Machines Disabled 1 | . . . 1 Max in Single Turn . | . . . . Machines Repaired . | . . . . Machines Dismantled . | . . . . Machines Sabotaged . | . . . . Overloaded Fab Kills . | . . . . Hacking | -11 -10 -9 -9 --------- Run | Yrd Mat Mat Sto Machines Accessed 11 | . 4 1 6 Terminals 11 | . 4 1 6 Fabricators . | . . . . Repair Stations . | . . . . Recycling Units . | . . . . Scanalyzers . | . . . . Garrison Access . | . . . . Total Hacks 28 | . 11 3 14 Successful 13 | . 6 1 6 Failed 15 | . 5 2 8 Catastrophic 1 | . . . 1 Database Lockouts . | . . . . Manual 6 | . 5 1 . Terminals 28 | . 11 3 14 Fabricators . | . . . . Repair Stations . | . . . . Recycling Units . | . . . . Scanalyzers . | . . . . Garrison Access . | . . . . Terminal Hacks 13 | . 6 1 6 Prototype ID Bank 2 | . 2 . . Open Door 2 | . . . 2 Emergency Access Points 1 | . . 1 . Locate Traps 2 | . 2 . . Dispatch Records 1 | . . . 1 Zone Layout 5 | . 2 . 3 Fabricator Hacks . | . . . . Repair Station Hacks . | . . . . Recycling Unit Hacks . | . . . . Scanalyzer . | . . . . Garrison Access Hacks . | . . . . Unauthorized Hacks . | . . . . Terminals . | . . . . Fabricators . | . . . . Repair Stations . | . . . . Recycling Units . | . . . . Scanalyzers . | . . . . Garrison Access . | . . . . Data Cores Recovered . | . . . . Used . | . . . . Hacking Detections 8 | . 2 1 5 Full Trace Events 3 | . 2 1 . Feedback Events . | . . . . Feedback Blocked . | . . . . Robot Schematics Acquired . | . . . . Robots Built . | . . . . Authchips . | . . . . Time . | . . . . Total Robot Build Rating . | . . . . Part Schematics Acquired . | . . . . Parts Built . | . . . . Authchips . | . . . . Time . | . . . . Total Part Build Rating . | . . . . Parts Repaired . | . . . . Time . | . . . . Parts Recycled . | . . . . Recycled Matter . | . . . . Retrieved Matter . | . . . . Retrieved Components . | . . . . Parts Scanalyzed . | . . . . Part Schematics Acquired . | . . . . Parts Damaged . | . . . . Bothacking | -11 -10 -9 -9 ------------ Run | Yrd Mat Mat Sto Used RIF Installer . | . . . . Robots Hacked . | . . . . Non-combat . | . . . . Combat . | . . . . Robot Hacks Applied . | . . . . Relay Couplers Released . | . . . . Fabnet Peak Effective % . | . . . . Robots Rewired . | . . . . Allies Hacked . | . . . . Hacks Repelled . | . . . . Allies | -11 -10 -9 -9 -------- Run | Yrd Mat Mat Sto Total Allies 2 | . . . 2 Largest Group 2 | . . . 2 Highest-Rated Group 62 | . . . 62 Highest-Rated Ally 31 | . . . 31 Total Orders . | . . . . Ally Attacks 46 | . . . 46 Total Damage 876 | . . . 876 Kills 19 | . . . 19 Allies Corrupted . | . . . . Allies Melted . | . . . . Intel | -11 -10 -9 -9 ------- Run | Yrd Mat Mat Sto Robot Analysis Total . | . . . . Derelict Logs Recovered . | . . . . Drone Launches . | . . . . Drone Recoveries . | . . . . Exploration | -11 -10 -9 -9 ------------- Run | Yrd Mat Mat Sto Turns Passed 1858 | 78 742 192 846 Spaces Moved 956 | 67 384 99 406 Core 50 | 50 . . . Treads 906 | 17 384 99 406 Legs . | . . . . Wheels . | . . . . Hover . | . . . . Flight . | . . . . Fastest Speed 50 | 50 160 160 160 Average Speed 156 | 100 160 160 161 Slowest Speed 320 | 160 160 160 320 Overloaded Moves . | . . . . Propulsion Burnouts . | . . . . Robots Hopped . | . . . . Cave-ins Triggered . | . . . . Exploration Rate (%) 30 | 4 56 9 54 Regions Visited 3 Branch Regions 1 Pre-discovered Areas . | . . . . Known Exits Taken . | . . . . Unknown Exits Taken 3 | 1 1 1 . Scrap Searched . | . . . . Spaces Dug . | . . . . Terrain Destroyed 27 | . 27 . . Melee . | . . . . Projectile . | . . . . AOE 27 | . 27 . . Terrain Rammed . | . . . . Walls Destroyed . | . . . . Machines Disabled . | . . . . Actions | -11 -10 -9 -9 --------- Run | Yrd Mat Mat Sto Total 1156 | 77 452 120 507 Wait 35 | . 20 . 15 Move 953 | 66 383 98 406 Hop . | . . . . Pick Up 36 | 5 9 6 16 Fast Attach 3 | 1 . 2 . Attach 10 | 5 . 2 3 Detach . | . . . . Swap 15 | . 2 3 10 Drop 15 | . 3 3 9 Fire 84 | . 33 6 45 Melee . | . . . . Ram . | . . . . Kick . | . . . . Crush 5 | . 2 . 3 Escape Stasis . | . . . . Rewire . | . . . . Trap . | . . . . Miscellaneous . | . . . . Route ------- -11/Scrapyard -10/Materials (discovered 2 exits: *Mat x2) -9/Materials -9/Storage (discovered 1 exit: [*Mat]) History --------- Turn | Location | Event 7 | -11/Scrapyard | Discovered new exit (range 15) 79 | -11/Scrapyard | Entered Materials 313 | -10/Materials | Build established: Mutant 564 | -10/Materials | Discovered new exit (range 15) 757 | -10/Materials | Discovered new exit (range 15) 821 | -10/Materials | Entered another Materials area 821 | -9/Materials | Evolved 2 slots: Propulsion x2 910 | -9/Materials | Discovered new exit (range 9) 1013 | -9/Materials | Entered Storage 1088 | -9/Storage | Met a pair of Derelict thieves 1790 | -9/Storage | Discovered new exit (range 16) 1813 | -9/Storage | First assault squad dispatched 1840 | -9/Storage | Core integrity fell below 50% 1841 | -9/Storage | Garrison activated, responded to threat 1851 | -9/Storage | Core integrity fell below 20% 1860 | -9/Storage | Core destroyed Last Messages --------------- 01843_ K-01 Serf collects debris. 01846_ U-05 Engineer builds a Door. 01847_ G-47 Trooper destroyed. 01848_ Imp. Treads broken. 01848_ Overheating: Short circuit. 01849_ Overheating: Hcp. Battery damaged (-11). 01850_ F-cell Engine broken. 01850_ Overheating: Short circuit. 01851_ Overheating: Core damaged (-80). 01851_ K-01 Serf collects debris. 01853_ Overheating: Energy bleed (-56). 01853_ Acquired 56 matter. 01854_ K-01 Serf collects debris. 01855_ Overheating: System interference. 01855_ Beamcaster temporarily disabled. 01855_ Imp. Medium Laser temporarily disabled. 01856_ Overheating: Broken Imp. Treads damaged (-21). 01857_ K-01 Serf collects debris. 01858_ Overheating: Matter decay (-65). 01860_ Overheating: Core damaged (-80). Map ----- +----------------------------------------------------+ | ???# #??# # ## #????? | | ???# #??########+##### #????? | | ???? ? #????? | | ????##?????#####+#####+####????? | | ??????????? ## #???????? | | ???????????""##"" """ #???????? | | ???????????""##"Y """ !#???????? | | ???????????""##"" """!%##??????? | | ???????????""## [=#??????? | | ???????????""## ! = ##??????? | | ??????????????# !! #???????? | | ??????????????# !=! #???????? | | ??????????????# #???????? | | ???????############+####???????? | | ???????# ####??????? | | ???????+ "" #??????? | | ???????# G"#??????? | | ???????# ^ "" #??????? | | ???????# ^ ####??????? | | ???????+ #?????????? | | ???????########### #?????????? | | ?????????????????# #??######?? | | ?????????????????# #### !!!#?? | | ?????????????????# ##T# !!#?? | | ?????????????????# #=%! #?? | | ?????????????????# +%=k@ !!#?? | | ?????????????????# # = !!#?? | | ?????????????????# # #!!!!#?? | | ?????????????????+ #########?? | | ?????????????????# #?????????? | | ?????????????????# #?????????? | | ?????????????????# #?????????? | | ?????????????????# < #?????????? | | ?????????????????# #?????????? | | ?????????????????#####?????????? | | ???????????????????????????????? | | ???????????????????????????????? | | ???????????????????????????????? | | ???????????????????????????????? | | | | | | | | | | | | | | | | | | | | | | | +----------------------------------------------------+ Best States ------------- Heat Dissipation 42 Energy Generation 19 Energy Capacity 750 Matter Stores 300 Matter Capacity 300 Sight Range 16 Terrain Scan Density 10 Evasion (%) 50 Recoil Reduction 4 Item Schematics ----------------- None Robot Schematics ------------------ None Fabricated ------------ Nothing Alien Tech Used ----------------- None Achievements -------------- None Challenges ------------ None Game ------ Seed CombatArmoredModule Manual? 0 Play Time 00:22:06 Cumulative 53.0 hours Start 2024.07.11 @ 12:23:29 End 2024.07.11 @ 13:47:00 Sessions 1 Manual Loads 0 Difficulty Rogue Special Mode None Game No. 145 Rogue 145 Adventurer 0 Explorer 0 Win Type - Total 0 Types 0/0/0/0/0/0/0/0/0 Lore% 22 Gallery% 40 Achievement% 26 Wizard Run 0 Options --------- Layout 0 ASCII 0 Keyboard 0 Movement Arrows Keybinds 0 Fullscreen 1 Font 12/Smallcaps Map View 38x28 Zoom Use 98% Tactical HUD 1 Map Filters NONE Filters NONE Steam SD RUN: 99e588d7-29da-47a6-84cc-c2c5eaa55537